Map: Vaani Research Station (Void)

Players

Dark

  • Race: Zerg Zerg
  • Spawn Location: 6:00

ByuN - Winner!

  • Race: Terran Terran
  • Spawn Location: 12:00

Event: IEM Season 11 - Gyeonggi

VOD

Have the link to the VOD?

Description

Time

  • Played on: Dec. 14, 2016, 11:31 p.m.
  • Length: 13:32

All games in this series

Show
View Real Time Build Order
Export as new Build Order

Dark Zerg 

Build Orders: Pool First 

Get SALT Encoding   

  12  0:00  Drone  
  13  0:12  Overlord  
  13  0:17  Drone  
  14  0:31  Drone x2  
  14  0:35  Drone  
  17  0:49  Spawning Pool  
  16  0:51  Drone  
  16  0:56  Drone  
  18  1:12  Hatchery  
  18  1:17  Drone  
  18  1:20  Drone  
  18  1:25  Extractor  
  18  1:33  Drone  
  18  1:37  Queen  
  18  1:39  Zergling x2  
  22  1:50  Overlord  
  22  2:06  Drone, Hatchery  
  22  2:16  Queen  
  24  2:26  Drone  
  24  2:27  Drone  
  24  2:29  Drone  
  27  2:36  Queen  
  29  2:40  Drone  
  30  2:46  Metabolic Boost  
  30  2:49  Drone  
  31  2:52  Drone  
  31  2:55  Drone  
  33  2:59  Drone  
  33  3:03  Overlord  
  34  3:07  Drone  
  34  3:08  Drone  
  36  3:19  Queen  
  38  3:20  Drone x2  
  38  3:27  Queen  
  40  3:31  Zergling x2  
  40  3:32  Zergling x2  
  40  3:34  Zergling x2  
  45  3:37  Zergling x2  
  45  3:39  Drone  
  45  3:40  Drone  
  48  3:47  Overlord  
  48  3:48  Drone x2  
  48  3:54  Overlord  
  50  3:59  Evolution Chamber  
  49  4:05  Queen  
  49  4:07  Drone x4  
  56  4:10  Zergling x4  
  56  4:15  Spore Crawler  
  56  4:18  Spore Crawler, Zergling x4  
  56  4:22  Zergling x4  
  59  4:29  Zerg Ground Armor Level 1  
  59  4:39  Zergling x4  
  59  4:42  Zergling x10  
  61  4:52  Zergling x4  
  58  4:56  Zergling x8  
  58  4:59  Zergling x6  
  62  5:04  Zergling x6  
  57  5:14  Queen  
  57  5:16  Zergling x2  
  57  5:18  Drone, Overlord x2  
  57  5:21  Drone  
  57  5:28  Overlord  
  57  5:30  Overlord  
  57  5:32  Overlord  
  57  5:37  Drone x3  
  57  5:38  Drone  
  57  5:40  Drone  
  62  5:43  Drone x2  
  64  5:50  Evolution Chamber, Queen  
  64  5:53  Lair  
  64  5:56  Drone x2  
  67  5:59  Drone x2  
  67  6:00  Drone  
  70  6:06  Queen  
  70  6:10  Zergling x6  
  70  6:11  Zergling x2  
  72  6:23  Drone  
  64  6:26  Drone x3  
  64  6:30  Drone  
  64  6:31  Drone  
  67  6:33  Drone  
  67  6:34  Drone x4  
  67  6:37  Drone  
  73  6:40  Zerg Melee Weapons Level 1  
  73  6:42  Baneling Nest  
  73  6:46  Drone x2  
  74  6:52  Zerg Ground Armor Level 2  
  74  6:55  Extractor  
  74  6:57  Extractor  
  74  6:58  Drone x2, Extractor  
  74  6:59  Drone  
  74  7:02  Zergling x8  
  77  7:09  Hatchery  
  77  7:13  Drone x2  
  77  7:14  Overlord  
  78  7:15  Drone x2  
  78  7:16  Drone x2  
  78  7:19  Drone x3  
  78  7:20  Drone  
  86  7:25  Drone, Zergling x2  
  86  7:27  Baneling x2  
  86  7:28  Baneling x3  
  88  7:33  Hatchery  
  88  7:35  Zergling x4  
  89  7:41  Centrifical Hooks  
  89  7:42  Zergling x8  
  92  7:46  Extractor  
  92  7:47  Zergling x8  
  96  7:51  Zergling x6  
  96  7:53  Overlord  
  96  7:54  Baneling x2  
  96  7:56  Baneling x3  
  96  7:57  Baneling  
  89  8:16  Drone  
  89  8:17  Drone x6  
  89  8:18  Drone  
  95  8:23  Drone x2  
  95  8:24  Spire, Zergling x2  
  97  8:28  Baneling x4  
  97  8:30  Overlord  
  97  8:31  Zergling x4  
  97  8:33  Baneling x2  
  97  8:34  Spine Crawler  
  98  8:35  Zergling x2  
  98  8:39  Zergling x2  
  98  8:40  Zergling x4  
  102  8:41  Baneling x2  
  102  8:44  Zergling x2  
  102  8:46  Overseer  
  102  8:47  Pneumatized Carapace  
  102  8:48  Zergling x4  
  105  8:54  Zergling x14  
  112  8:58  Zergling x6  
  112  8:59  Zergling x8  
  116  9:03  Zergling x10  
  116  9:08  Overlord x2  
  116  9:09  Zerg Melee Weapons Level 2  
  121  9:16  Overlord  
  121  9:23  Zergling x10  
  126  9:25  Overlord  
  122  9:35  Zergling x2  
  122  9:36  Zergling x22  
  122  9:39  Zergling x8  
  122  9:45  Zergling x2  
  124  9:49  Baneling x3  
  124  9:50  Baneling x4  
  124  9:51  Zergling x10  
  124  9:52  Zergling x6  
  132  9:54  Baneling x4  
  132  9:58  Zergling x12  
  132  9:59  Baneling x8  
  138  10:04  Corruptor  
  138  10:05  Corruptor x4  
  148  10:07  Overseer  
  148  10:09  Zergling x6  
  151  10:17  Baneling x2  
  151  10:19  Zergling x10  
  138  10:24  Zergling x2  
  138  10:25  Zergling x6  
  130  10:30  Zergling x2  
  130  10:31  Zergling x2  
  130  10:32  Zergling x12  
  130  10:33  Zergling x2  
  130  10:34  Baneling x11  
  129  10:42  Zergling x2  
  129  10:43  Zergling x4  
  129  10:47  Overseer  
  115  11:01  Zergling x18  
  115  11:03  Zergling x2  
  108  11:06  Baneling x4  
  108  11:10  Zergling x2  
  109  11:11  Baneling x5  
  109  11:12  Baneling x2, Zergling x4  
  109  11:14  Zergling x2  
  109  11:17  Zergling x2  
  113  11:24  Zergling x4  
  115  11:27  Hatchery  
  115  11:28  Zergling x2  
  115  11:29  Zergling x2  
  116  11:36  Zergling x8  
  118  11:42  Zergling x8  
  118  11:43  Zergling x6  
  118  11:46  Zergling x4  
  118  11:47  Zergling x6  
  130  11:54  Baneling x4  
  130  11:55  Zergling x2  
  130  11:56  Zergling x6  
  130  11:59  Baneling  
  130  12:00  Overlord x2  
  134  12:07  Zergling x4  
  136  12:10  Hatchery  
  136  12:13  Overlord  
  135  12:18  Hatchery  
  135  12:21  Zergling x26  
  147  12:24  Baneling x6  
  147  12:25  Baneling x4  
  146  12:33  Zergling x8  
  150  12:38  Overlord x2  
  150  12:39  Zergling x16  
  150  12:42  Baneling x3  
  150  12:43  Baneling x3  
  158  12:45  Zergling x2  
  158  12:46  Zergling x2  
  158  12:47  Baneling  
  158  12:48  Baneling x2  
  158  13:02  Zergling x16  
  132  13:07  Overseer, Zergling x8  
  114  13:14  Zergling x10  
Show
View Real Time Build Order
Export as new Build Order

ByuN Terran - Winner!

Build Orders: Command Center First (CC), Hellion Opening, MMM Bio 

Get SALT Encoding   

  12  0:00  SCV  
  13  0:13  SCV  
  14  0:18  Supply Depot  
  14  0:25  SCV  
  15  0:39  SCV  
  16  0:51  SCV  
  17  1:00  Command Center  
  18  1:04  SCV  
  18  1:14  Barracks  
  18  1:17  SCV  
  19  1:22  Refinery  
  19  1:29  SCV  
  19  1:31  Refinery  
  20  1:41  SCV  
  21  1:53  SCV  
  22  2:00  Marine  
  23  2:05  Orbital Command  
  23  2:08  Factory  
  23  2:16  Orbital Command  
  23  2:20  Barracks Reactor  
  23  2:30  SCV  
  24  2:42  SCV  
  24  2:43  SCV  
  26  2:55  SCV x2  
  26  2:56  Starport  
  28  3:00  Hellion x2, Supply Depot  
  32  3:07  Barracks Tech Lab, SCV x2  
  34  3:19  Supply Depot  
  34  3:21  SCV  
  34  3:22  Hellion x2, SCV  
  34  3:27  Marine, Stimpack  
  40  3:31  Medivac  
  43  3:35  SCV x2  
  45  3:43  Armory  
  45  3:47  Marine  
  46  3:51  Hellion x2  
  51  3:57  Supply Depot  
  51  3:58  SCV  
  51  3:59  SCV  
  52  4:05  Medivac  
  52  4:06  Supply Depot  
  54  4:17  Supply Depot  
  54  4:18  Marine  
  54  4:19  Hellion, SCV x2  
  54  4:21  Hellion  
  61  4:31  SCV x2  
  63  4:35  Viking  
  63  4:36  Marine  
  66  4:48  SCV x2  
  66  4:51  Hellion  
  70  4:52  Command Center  
  70  4:54  Marine  
  67  5:07  Engineering Bay  
  67  5:08  Engineering Bay, Starport Reactor  
  67  5:10  SCV x2  
  67  5:12  Marine  
  67  5:13  Hellion  
  67  5:14  Hellion  
  66  5:29  Hellion x2  
  66  5:30  Marine, Combat Shields  
  66  5:32  SCV x2  
  66  5:35  Hellion  
  71  5:36  Hellion  
  71  5:37  Barracks  
  71  5:38  Barracks  
  71  5:41  Terran Infantry Armor Level 1, Terran Infantry Weapons Level 1  
  73  5:46  Refinery  
  73  5:47  Refinery, Marine  
  74  5:54  SCV x2  
  76  6:00  Barracks  
  76  6:01  Barracks  
  76  6:05  Marine  
  76  6:06  SCV x2  
  76  6:08  Starport Reactor  
  79  6:18  SCV x2  
  79  6:21  Hellion, Orbital Command  
  79  6:22  Hellion  
  79  6:23  Marine  
  74  6:30  SCV x2  
  67  6:34  Barracks Reactor  
  64  6:41  Marine  
  64  6:42  SCV x2, Orbital Command, Terran Vehicle And Ship Armor Level 1  
  64  6:43  Hellion x2  
  64  6:45  Marine x2  
  73  6:53  Barracks Reactor x2  
  73  6:54  SCV x2  
  73  6:59  Marine  
  73  7:00  Medivac x2  
  80  7:03  Marine x2  
  80  7:06  SCV  
  80  7:07  Barracks x2, SCV  
  84  7:08  Barracks  
  84  7:10  SCV  
  84  7:15  Supply Depot x2  
  85  7:16  Marine  
  85  7:18  SCV, Widow Mine x2  
  85  7:19  SCV  
  85  7:20  Marine  
  93  7:36  Marine x8  
  101  7:38  Marine, Supply Depot  
  101  7:39  Terran Infantry Weapons Level 2, Supply Depot  
  101  7:42  Terran Infantry Armor Level 2  
  102  7:47  SCV x3, Widow Mine x2  
  102  7:50  Supply Depot x2  
  109  7:56  Barracks Reactor x2  
  109  7:57  Barracks Tech Lab  
  109  8:04  Marine x2, Marauder  
  104  8:08  Marine  
  104  8:09  Marine x2  
  105  8:15  Widow Mine x2  
  105  8:16  Marine x2  
  105  8:17  Medivac x2  
  105  8:19  Marauder  
  109  8:23  Marine x2, Command Center  
  111  8:30  Marine x4  
  111  8:31  Marauder  
  117  8:36  Marine x4  
  117  8:37  Marine x2  
  117  8:41  Marauder  
  125  8:43  Refinery  
  125  8:44  Widow Mine x2  
  129  8:52  Marine, Marauder  
  129  8:54  Marine x9  
  141  8:57  Marine  
  140  9:07  Supply Depot x2  
  140  9:08  Supply Depot  
  140  9:09  Supply Depot  
  140  9:11  Missile Turret  
  140  9:12  Marauder, Widow Mine  
  140  9:13  Widow Mine  
  140  9:14  Marauder  
  148  9:17  Marine  
  148  9:22  Marine  
  149  9:28  Marine x9  
  153  9:32  Marine  
  153  9:33  Marine  
  153  9:35  Marine x2  
  142  9:38  Medivac x2  
  142  9:40  Marine  
  142  9:41  Widow Mine x2  
  151  9:46  Marine x7  
  151  9:51  Marine  
  151  9:52  Marine x3  
  162  9:59  Terran Infantry Weapons Level 3  
  162  10:01  Marauder  
  162  10:04  Concussive Shells  
  162  10:06  Marine  
  165  10:07  Marine x3  
  165  10:09  Widow Mine  
  165  10:10  Marauder, Widow Mine  
  165  10:12  Marine x3  
  165  10:13  Marine  
  178  10:16  Marine  
  178  10:17  Marine  
  178  10:19  Marine  
  179  10:21  Marine  
  179  10:23  Marine  
  179  10:25  Marine  
  179  10:26  Marine x3  
  169  10:33  Marine  
  169  10:34  Marine  
  152  10:38  Widow Mine x2  
  152  10:41  Marine  
  156  10:45  Marine x2  
  156  10:49  Marine  
  158  10:51  Marine  
  158  10:54  Marine  
  158  10:56  Marine  
  134  10:59  Marine  
  134  11:01  Marine  
  134  11:02  Marine  
  134  11:03  Marine  
  115  11:04  Marine x4  
  115  11:07  Planetary Fortress  
  120  11:11  SCV x2  
  121  11:19  Marine x4  
  121  11:21  Marine  
  121  11:23  Marine  
  121  11:25  SCV  
  128  11:27  SCV  
  128  11:28  Marine  
  130  11:33  Marine  
  130  11:34  Marine x2  
  130  11:36  Marine  
  130  11:38  Marine  
  135  11:40  Marine  
  135  11:42  Marine  
  135  11:45  SCV x2  
  139  11:48  Marine  
  139  11:52  SCV  
  139  11:57  SCV x2  
  139  11:59  Marine x6  
  147  12:04  SCV  
  147  12:05  Marine  
  147  12:06  Marine x2, Widow Mine  
  153  12:09  SCV, Widow Mine  
  153  12:15  Marauder x2  
  160  12:16  Marine  
  160  12:17  Marine  
  162  12:35  Widow Mine  
  162  12:36  Marauder x2, Unknown, Marine x4  
  162  12:37  Marine  
  172  12:38  Widow Mine  
  172  12:42  Marine x5  
  172  12:43  Marine  
  181  12:50  Missile Turret  
  181  12:52  Unknown  
  181  12:53  Marine  
  181  12:54  Marine x5  
  181  12:57  Marine  
  188  12:58  Marine  
  188  13:03  Marine  
  188  13:05  Marine x2  
  164  13:07  Marine  
  136  13:13  Marine  
  126  13:24  Unknown  

Tags
 
Add a new tag
Caveats
  • Supply blocks, unpowered buildings, or Contaminate may cause inaccurate times.
  • Supply counts are checked every 10 seconds.